 Dungeon Crawl Stone Soup version 0.29-a0-723-gce39da1c22 (webtiles) character file.

Game seed: 8195060595802994049

268 Patoropollo the Cudgeller (level 6, 0/51 HPs)
             Began as a Minotaur Fighter on June 28, 2022.
             Succumbed to an orc wizard's poison
             ... on level 4 of the Dungeon.
             The game lasted 00:05:24 (2950 turns).

Patoropollo the Cudgeller (Minotaur Fighter)        Turns: 2950, Time: 00:05:25

Health: 0/51       AC: 11    Str: 23    XL:     6   Next: 1%
Magic:  5/5        EV:  9    Int:  5    God:
Gold:   159        SH:  9    Dex:  9    Spells: 5/5 levels left

rFire   . . .      SeeInvis .   a - +0 flail
rCold   . . .      Faith    .   c - +0 buckler
rNeg    . . .      Spirit   .   b - +0 scale mail
rPois   .          Reflect  +   (helmet restricted)
rElec   .          Harm     .   t - +2 cloak
rCorr   .          Rampage  .   (no gloves)
Will    +....                   n - +0 pair of boots
Stlth   ..........              s - amulet of reflection
HPRegen 0.17/turn               f - ring of willpower
MPRegen 0.09/turn               (no ring)

@: lethally poisoned (0 -> -18), attractive
A: horns 2, retaliatory headbutt
a: no special abilities


You were on level 4 of the Dungeon.
You visited 1 branch of the dungeon, and saw 4 of its levels.

You collected 159 gold pieces.

Inventory:

Hand Weapons
 a - a +0 flail (weapon)
Missiles
 j - a throwing net (quivered)
Armour
 b - a +0 scale mail (worn)
 c - a +0 buckler (worn)
 n - a +0 pair of boots (worn)
 t - a +2 cloak (worn)
Jewellery
 f - a ring of willpower (left hand)
 s - an amulet of reflection (around neck)
Scrolls
 g - a scroll of magic mapping {unknown}
 i - 2 scrolls of identify {unknown}
 k - a scroll of enchant weapon {unknown}
 l - a scroll of teleportation {unknown}
 o - a scroll of amnesia {unknown}
 p - a scroll of noise {unknown}
 r - a scroll of poison {unknown}
Potions
 d - a potion of might
 e - a potion of curing {unknown}
 h - a potion of invisibility
 m - a potion of attraction
 q - a potion of degeneration {unknown}
 u - a potion of lignification {unknown}


   Skills:
 - Level 3.6 Fighting
 + Level 7.6 Maces & Flails
 - Level 3.6 Armour
 - Level 3.6 Shields


You had 5 spell levels left.
You didn't know any spells.
Your spell library contained the following spells:

 Spells                   Type           Power      Damage    Failure   Level
 Foxfire                  Conj/Fire      0%         2x1d4     86%         1
 Sandblast                Erth           0%         2d4       86%         1
 Blink                    Tloc           0%         N/A       95%         2
 Passwall                 Tmut/Erth      0%         N/A       95%         2
 Conjure Flame            Conj/Fire      0%         6-21      99%         3
 Inner Flame              Hex/Fire       0%         N/A       99%         3
 Lesser Beckoning         Tloc           0%         N/A       99%         3
 Stone Arrow              Conj/Erth      0%         3d7       99%         3
 Summon Guardian Golem    Hex/Summ       0%         N/A       99%         3
 Flame Wave               Conj/Fire      0%         2d4       100%        4
 Manifold Assault         Tloc           0%         N/A       100%        5
 Orb of Destruction       Conj           0%         9d5       100%        7
 Spellforged Servitor     Conj/Summ      0%         N/A       100%        7


Dungeon Overview and Level Annotations

Branches:
Dungeon (4/15)
 Temple: D:4-7

Altars:
Kikubaaqudgha
Ru

Shops:
D:1 :*:


Innate Abilities, Weirdness & Mutations

You have a pair of horns on your head.
You reflexively headbutt those who attack you in melee.


Message History

You feel very sick.
Something hits you but does no damage. x2
You barely miss something.
You feel sick.
You hear some strange, mumbled words.
A magic dart appears from out of thin air!
The magic dart hits you. Something hits you.
You closely miss something. Your headbutt misses something.
You feel very sick. Something hits you but does no damage.
You are more poisoned.
Something hits you but does no damage.
You miss something. You headbutt something!
You feel very sick. Something hits you.
You are lethally poisoned!
You hear some strange, mumbled words.
A puff of flame appears from out of thin air!
The puff of flame misses you.
You closely miss something. Your headbutt misses something.
* * * LOW HITPOINT WARNING * * *
You feel very sick. Something hits you.
* * * LOW HITPOINT WARNING * * *
You hear some strange, mumbled words.
A magic dart appears from out of thin air!
The magic dart hits you but does no damage.
Something hits you but does no damage. x2
You miss something.
* * * LOW HITPOINT WARNING * * *
You feel very sick. Something hits you.
* * * LOW HITPOINT WARNING * * *
You are more poisoned.
You hear some strange, mumbled words.
A magic dart appears from out of thin air!
The magic dart hits you.
* * * LOW HITPOINT WARNING * * *
It was a potion of attraction.
You feel attractive to monsters.
You die...

##### .. .. #####... ...
##.. #...#.####... .#...
+...'.†.).... ...# ##
#...#.†.#.#####... # <#
#...#††.# ....#...
####...#...#####....#
.......#.........####
######.#....####@)..#
.......#.......+{{.#...#
...#####..#.####......##
..........#.# #.....#.#
...######.#.# #.......
...# #.#.# #.......#
...# #.#.# ####+##..
...# #.# #. ...#


There were no monsters in sight!

Vanquished Creatures
  A vampire bat (D:3)
  A hound (D:4)
  Crazy Yiuf (D:3)
  A jelly (D:3)
  Jessica (D:3)
  Robin (D:3)
  2 adders
  3 dart slugs
  2 orcs
  4 ball pythons
  3 bat skeletons (D:3)
  3 bat zombies (D:3)
  6 endoplasms
  4 giant cockroaches
  10 goblins
  10 hobgoblins
  6 jackals
  A quokka (D:4)
  2 bats
  A frilled lizard (D:2)
  6 kobolds
  5 rats
74 creatures vanquished.

Notes
Turn   | Place    | Note
-------+----------+-------------------------------------------
     0 | D:1      | Patoropollo the Minotaur Fighter began the quest for the
                  | Orb.
     0 | D:1      | Reached XP level 1. HP: 19/19 MP: 0/0
    63 | D:1      | Found Otruol's Book Shop.
   132 | D:1      | Reached skill level 3 in Maces & Flails
   238 | D:1      | Reached XP level 2. HP: 26/26 MP: 1/1
   322 | D:1      | Found Orhy's Book Boutique.
   358 | D:1      | Found Mouf's General Store.
   544 | D:1      | Found a faded altar of an unknown god.
   941 | D:2      | Reached skill level 4 in Maces & Flails
  1214 | D:2      | Reached XP level 3. HP: 30/31 MP: 2/2
  1803 | D:2      | Reached skill level 5 in Maces & Flails
  1852 | D:3      | Noticed Robin
  1875 | D:3      | Reached XP level 4. HP: 30/39 MP: 3/3
  1875 | D:3      | Killed Robin
  2069 | D:3      | Reached skill level 6 in Maces & Flails
  2221 | D:3      | Noticed Jessica
  2230 | D:3      | Killed Jessica
  2231 | D:3      | Reached XP level 5. HP: 45/45 MP: 4/4
  2340 | D:3      | Found a sacrificial altar of Ru.
  2492 | D:3      | Found an ancient bone altar of Kikubaaqudgha.
  2494 | D:3      | Reached skill level 7 in Maces & Flails
  2557 | D:3      | Found a runed translucent door.
  2558 | D:3      | Noticed Crazy Yiuf
  2745 | D:3      | Killed Crazy Yiuf
  2913 | D:4      | Reached XP level 6. HP: 48/51 MP: 5/5
  2950 | D:4      | Succumbed to an orc wizard's poison

Illustrated notes

Levels and vault maps discovered:
D:1:      nicolae_arrival_washed_ashore, layout_loops_corners, serial_shops,
          nicolae_shop_crystal, shop, shop,
          shapermc_ecumenical_altar_mp_highgroup
D:2:      layout_basic
D:3:      layout_basic, nicolae_ru_great_annihilating_truth,
          kennysheep_vampire_church, uniq_crazy_yiuf_cottage, uniq_robin,
          uniq_jessica
D:4:      layout_basic, mainiacjoe_overflow_six_doors_small,
          minmay_temple_entry_arrows, gammafunk_ghost_mausoleum

Skill      XL: |  1  2  3  4  5 |
---------------+----------------+-----
Maces & Flails | 3 4 5 6 7 |  7.6
Fighting       | |  3.6
Armour         | |  3.6
Shields        | |  3.6

Action                   |  1- 3 |  4- 6 || total
-------------------------+-------+-------++-------
Melee: Flail             |    76 |    63 ||   139
       Headbutt          |     8 |     9 ||    17
  Use: Potion            |       |     1 ||     1
 Stab: Paralysed         |       |     1 ||     1
Armor: Scale mail        |    40 |    41 ||    81
Dodge: Dodged            |    37 |    26 ||    63
Block: Buckler           |    18 |    40 ||    58

Table legend: (Time is in decaauts)
 A = Elapsed time spent in this place.
 B = Non-inter-level travel time spent in this place.
 C = Inter-level travel time spent in this place.
 D = Time resting spent in this place.
 E = Time spent auto-exploring this place.
 F = Levels seen in this place.
 G = Mean time per level.
                   A        B        C        D        E       F      G
               +--------+--------+--------+--------+--------+-----+--------+
         Total |   2973 |   2848 |    125 |      0 |   2399 |   4 |  743.2 |
       Dungeon |   2973 |   2848 |    125 |      0 |   2399 |   4 |  743.2 |
               +--------+--------+--------+--------+--------+-----+--------+

Top non-repeatable levels by time:
     D:3: 1028 daAuts
     D:2: 1024 daAuts
     D:1: 827 daAuts
     D:4: 92 daAuts
